 Dungeon Crawl Stone Soup version 0.20.1-1-g8b1a95d (webtiles) character file.

111 Humpert the Poker (level 4, 0/33 HPs)
             Began as a Demonspawn Gladiator on Oct 12, 2017.
             Succumbed to an adder's poison
             ... on level 2 of the Dungeon.
             The game lasted 00:03:35 (2346 turns).

Humpert the Poker (Demonspawn Gladiator)            Turns: 2346, Time: 00:03:36

Health: 0/33       AC:  3    Str: 14    XL:     4   Next: 62%
Magic:  4/4        EV: 13    Int:  9    God:
Gold:   120        SH:  0    Dex: 16    Spells: 3/3 levels left

rFire    + . .     SeeInvis .   a - +0 trident
rCold    . . .     Gourm    .   (no shield)
rNeg     . . .     Faith    .   b - +0 leather armour
rPois    .         Spirit   .   (helmet restricted)
rElec    .         Reflect  .   (no cloak)
rCorr    .         Harm     .   (no gloves)
MR       .....                  (no boots)
Stlth    +.........             (no amulet)
Regen    0.2/turn               (no ring)
MPRegen  0.1/turn               (no ring)

@: lethally poisoned (0 -> -13)
A: antennae 1, fire resistance 1
a: no special abilities


You were on level 2 of the Dungeon.
You were not hungry.

You visited 1 branch of the dungeon, and saw 2 of its levels.

You collected 120 gold pieces.

Inventory:

Hand Weapons
 a - a +0 trident (weapon)
Missiles
 d - 3 throwing nets (quivered)
Armour
 b - a +0 leather armour (worn)
 c - a +0 helmet
Jewellery
 j - an uncursed amulet of harm {unknown}
Scrolls
 e - a scroll of noise {unknown}
 g - a scroll of recharging {unknown}
 h - 2 scrolls of fog {unknown}
 i - a scroll of fear {unknown}
 l - a scroll of enchant weapon {unknown}
 m - a scroll of amnesia {unknown}
 n - a scroll of magic mapping {unknown}
 q - a scroll of identify {unknown}
Books
 p - a book of Cantrips

   Spells                             Type                      Level
   a - Confusing Touch                Hexes                        1
   b - Animate Skeleton               Necromancy                   1
   c - Summon Small Mammal            Summoning                    1
   d - Apportation                    Translocation                1
Comestibles
 f - 2 bread rations
 k - a royal jelly


   Skills:
 + Level 2.2 Fighting
 + Level 3.7 Polearms
 - Level 1.7 Throwing
 * Level 2.1 Armour
 + Level 3.2 Dodging


You had 3 spell levels left.
You didn't know any spells.

Dungeon Overview and Level Annotations

Branches:
Dungeon (2/15)

Altars:
Sif Muna


Innate Abilities, Weirdness & Mutations

You have a pair of small antennae on your head.
Your flesh is heat resistant. (rF+)


Message History

* * * LOW HITPOINT WARNING * * *
You feel sick. The adder bites you.
* * * LOW HITPOINT WARNING * * *
You are more poisoned.
The adder poisons you!
You hit the adder.
You kill the adder!
* * * LOW HITPOINT WARNING * * *
You feel sick.
The giant cockroach bites you but does no damage.
* * * LOW HITPOINT WARNING * * *
You feel sick. The giant cockroach bites you.
* * * LOW HITPOINT WARNING * * *
You see here an adder corpse.
* * * LOW HITPOINT WARNING * * *
You feel sick.
You aren't carrying any potions.
You hit the giant cockroach.
The giant cockroach is moderately wounded.
You die...

..##.......###...........
####.......# #.#########.
#.......###.########
#.......#...........
#####........#.#######.
....#.#####..#.#
###.#.### #..#.# #.#...#
#†.#.#######.#
#.###.###..#.s@......#
###...........##########
.....####.....# ####.#
#.....# #.# #.....#
#.######..## #.#......<#
#.#.#####.# #.#.#####.#


You could see a giant cockroach.

Vanquished Creatures
  Natasha (twice) (D:2)
  2 adders (D:2)
  2 worms (D:2)
  A dart slug (D:2)
  A leopard gecko (D:1)
  A ball python (D:2)
  2 giant cockroaches (D:1)
  6 goblins (D:2)
  2 hobgoblins (D:2)
  6 kobolds
  4 bats (D:2)
  A frilled lizard (D:1)
  4 rats
34 creatures vanquished.

Notes
Turn   | Place    | Note
-------+----------+-------------------------------------------
     0 | D:1      | Humpert the Demonspawn Gladiator began the quest for the Orb.
     0 | D:1      | Reached XP level 1. HP: 16/16 MP: 1/1
   421 | D:1      | Gained mutation: Your flesh is heat resistant. (rF+) [demonic ancestry]
   421 | D:1      | Reached XP level 2. HP: 22/22 MP: 2/2
  1204 | D:2      | Reached XP level 3. HP: 26/27 MP: 3/3
  1214 | D:2      | Reached skill level 1 in Armour
  1741 | D:2      | Found a deep blue altar of Sif Muna.
  1741 | D:2      | Noticed Natasha
  1750 | D:2      | Killed Natasha
  1750 | D:2      | Gained mutation: You have a pair of small antennae on your head. [demonic ancestry]
  1750 | D:2      | Reached XP level 4. HP: 13/33 MP: 4/4
  1968 | D:2      | Noticed Natasha
  1979 | D:2      | HP: 1/33 [Natasha (3)]
  1982 | D:2      | Killed Natasha
  2345 | D:2      | HP: 1/33 [poisoned by an adder]
  2346 | D:2      | Succumbed to an adder's poison

Skill      XL: |  1  2  3  4 |
---------------+-------------+-----
Dodging        | 3 |  3.2
Polearms       | 3 |  3.7
Armour         | 1 2 |  2.1
Fighting       | |  2.2
Throwing       | |  1.7

Action                   |  1- 3 |  4- 6 || total
-------------------------+-------+-------++-------
Melee: Trident           |   117 |    33 ||   150
  Use: Potion            |     1 |       ||     1
 Stab: Sleeping          |     3 |       ||     3
  Eat: Chunk             |     3 |       ||     3
       Meat ration       |       |     1 ||     1
Armor: Leather armour    |    23 |     8 ||    31
Dodge: Dodged            |    56 |    11 ||    67
